 Dungeon Crawl Stone Soup version 0.31.0-11-ge490571c62 (webtiles) character file.

Game seed: 14354884210195158289

87 BillyBaka the Trooper (level 4, -4/37 HPs)
             Began as a Formicid Fighter on Feb 7, 2024.
             Slain by a black bear (6 damage)
             ... on level 3 of the Dungeon.
             The game lasted 00:07:53 (2059 turns).

BillyBaka the Trooper (Formicid Fighter)            Turns: 2059, Time: 00:07:54

Health: -4/37      AC:  8    Str: 22    XL:     4   Next: 80%
Magic:  4/4        EV:  9    Int:  8    God:
Gold:   95         SH:  5    Dex: 13    Spells: 3/3 levels left

rFire   . . .        a - +0 war axe
rCold   . . .        c - +0 buckler
rNeg    . . .        b - +0 scale mail
rPois   +            (helmet unavailable)
rElec   .            (no cloak)
rCorr   .            (no gloves)
SInv    +            j - +0 pair of boots
Will    .....        (no amulet) Stlth
                     f - ring of poison resistance
HPRegen 0.26/turn    (no ring)
MPRegen 0.09/turn

%: no passive effects
@: mighty
A: permanent stasis, dig shafts and tunnels, antennae 3, four strong arms
a: Dig, Shaft Self


You were on level 3 of the Dungeon.
You visited 1 branch of the dungeon, and saw 3 of its levels.

You collected 117 gold pieces.
You spent 22 gold pieces at shops.

Inventory:

Hand Weapons
 a - a +0 war axe (weapon)
Missiles
 h - 3 javelins
 n - 5 boomerangs
Armour
 b - a +0 scale mail (worn)
 c - a +0 buckler (worn)
 j - a +0 pair of boots (worn)
Jewellery
 f - a ring of poison resistance (left hand)
Scrolls
 g - a scroll of amnesia
 k - a scroll of teleportation {unknown}
 m - a scroll of poison
Potions
 d - a potion of might
 e - 2 potions of enlightenment
 i - a potion of attraction {unknown}
 l - a potion of curing {unknown}


   Skills:
 + Level 4.2 Fighting
 * Level 3.9 Axes
 - Level 3.2 Armour
 - Level 4.0 Shields


You had 3 spell levels left.
You didn't know any spells.
Your spell library was empty.

Dungeon Overview and Level Annotations

Branches:
Dungeon (3/15)

Altars:

Shops:
D:2 (*[*


Innate Abilities, Weirdness & Mutations

You cannot be hasted, slowed, berserked, paralysed or teleported.
You can dig through walls and to a lower floor.
You have a pair of large antennae on your head. (SInv)
Your four strong arms can wield two-handed weapons with a shield.


Message History

You sense a monster nearby.
A rat comes into view.
The rat squeaks loudly.
You hit the rat.
You kill the rat!
You sense a monster nearby.
A black bear comes into view.
The black bear growls angrily.
You feel very mighty all of a sudden.
You slice the black bear!!
The black bear is severely wounded.
The black bear goes berserk!
The black bear bites you! The black bear closely misses you.
The black bear claws you.
You are too injured to fight recklessly!
You slash the black bear!
The black bear is almost dead.
The black bear misses you.
The black bear claws you but does no damage. x2
The black bear bites you but does no damage.
The black bear claws you but does no damage. x2
You closely miss the black bear.
The black bear is almost dead.
The black bear bites you!
The black bear claws you but does no damage.
You block the black bear's attack. The black bear barely misses you.
The black bear claws you but does no damage.
The black bear claws you.
* * * LOW HITPOINT WARNING * * *
You barely miss the black bear.
The black bear is almost dead.
The black bear closely misses you. The black bear claws you.
* * * LOW HITPOINT WARNING * * *
The black bear closely misses you. The black bear barely misses you.
The black bear claws you.
* * * LOW HITPOINT WARNING * * *
The black bear barely misses you.
You hit the black bear.
The black bear is almost dead.
You block the black bear's attack. The black bear claws you.
You die...

########.#
#.#
........>#
#.#
########.#
#.# #.# #.
#.# #.#
#.# #.#
#@# #h#
..# .###
.# ##


You could see a black bear (berserk).

Vanquished Creatures
  An orc wizard (D:3)
  2 adders (D:2)
  A ribbon worm (D:2)
  A dart slug (D:1)
  3 orcs (D:3)
  3 ball pythons
  2 bats
  4 endoplasms
  A giant cockroach (D:2)
  2 goblins (D:1)
  A hobgoblin (D:2)
  7 kobolds
  A quokka (D:1)
  2 frilled lizards
  8 rats
39 creatures vanquished.

Notes
Turn   | Place    | Note
-------+----------+-------------------------------------------
     0 | D:1      | BillyBaka the Formicid Fighter began the quest for the Orb.
     0 | D:1      | Reached XP level 1. HP: 18/18 MP: 1/1
   310 | D:1      | Reached XP level 2. HP: 21/24 MP: 2/2
   321 | D:1      | Found a faded altar of an unknown god.
  1029 | D:2      | Reached XP level 3. HP: 21/29 MP: 3/3
  1221 | D:2      | Found Zetor's Assorted Antiques.
  1229 | D:2      | Found Jepputh's Antique Armour Shop.
  1386 | D:2      | Found Koront's General Store.
  1393 | D:2      | Bought a scroll of identify for 22 gold pieces
  1477 | D:2      | Reached XP level 4. HP: 35/37 MP: 4/4
  1702 | D:2      | Found Lihis's Weapon Boutique.
  2053 | D:3      | Noticed a black bear
  2059 | D:3      | Slain by a black bear

Illustrated notes

Levels and vault maps discovered:
D:1:      lightli_iron_boxes, layout_basic,
          dreamdust_ecumenical_altar_hidden_monk_grotto, roderic_filled_cross,
          nicolae_concentric_dashed_squares_wild
D:2:      layout_basic, serial_shops, shop, nicolae_shop_bloodbath_and_beyond,
          nicolae_shop_statue_plus, shop
D:3:      layout_basic

Skill      XL: |  1  2  3  4 |
---------------+-------------+-----
Axes           | 3 |  3.9
Fighting       | 4 |  4.2
Armour         | |  3.2
Shields        | |  4.0

Action                     |  1- 3 |  4- 6 || total
---------------------------+-------+-------++-------
  Melee: War axe           |   102 |    36 ||   138
    Use: Scroll            |     1 |     2 ||     3
         Potion            |       |     1 ||     1
 Armour: Scale mail        |    69 |    36 ||   105
  Dodge: Dodged            |    55 |    18 ||    73
  Block: Buckler           |    26 |     5 ||    31
